 Dungeon Crawl Stone Soup version 0.29.1-13-g9f3cf754e1 (webtiles) character file.

Game seed: 7972742297756734654

101 croobank the Sneak (level 4, -4/33 HPs)
             Began as an Octopode Delver on Feb 8, 2023.
             Slain by a gnoll
             ... wielding a +0 club
              (9 damage)
             ... on level 5 of the Dungeon.
             The game lasted 00:03:31 (740 turns).

croobank the Sneak (Octopode Delver)                 Turns: 740, Time: 00:03:31

Health: -4/33      AC:  1    Str: 17    XL:     4   Next: 75%
Magic:  4/4        EV: 13    Int: 14    God:
Gold:   58         SH:  0    Dex: 13    Spells: 3/3 levels left

rFire   . . .      SeeInvis .   j - +0 quarterstaff
rCold   . . .      Faith    .   (shield currently unavailable)
rNeg    . . .      Spirit   .   (helmet restricted)
rPois   .          Reflect  .   (no amulet)
rElec   .          Harm     .   d - +6 ring of strength
rCorr   .          Rampage  .   (no ring)
Will    .....                   (no ring)
Stlth   ++++......              (no ring)
HPRegen 0.11/turn               (no ring)
MPRegen 0.09/turn               (no ring)
                                (no ring)
                                (no ring)

@: no status effects
A: almost no armour, amphibious, 8 rings, camouflage 1, gelatinous body 1,
(nimble swimmer 1), tentacles
a: no special abilities


You were on level 5 of the Dungeon.
You visited 1 branch of the dungeon, and saw 3 of its levels.

You collected 58 gold pieces.

Inventory:

Hand Weapons
 a - a +0 hand axe
 h - a +0 short sword
 j - a +0 quarterstaff (weapon)
Jewellery
 d - a +6 ring of strength (left tentacle)
Wands
 f - a wand of digging (2)
Scrolls
 b - a scroll of fog
Potions
 g - a potion of brilliance


   Skills:
 + Level 3.7 Fighting
 + Level 2.9 Axes
 + Level 2.9 Dodging
 + Level 7.3 Stealth


You had 3 spell levels left.
You didn't know any spells.
Your spell library contained the following spells:

 Spells                   Type           Power      Damage    Failure   Level
 Portal Projectile        Hex/Tloc       0%         N/A       65%         3
 Tukima's Dance           Hex            0%         N/A       65%         3
 Blade Hands              Tmut           0%         N/A       100%        5


Dungeon Overview and Level Annotations

Branches:
Dungeon (7/15)
 Temple: D:4-7

Altars:
Ru
Trog
Vehumet
Zin


Innate Abilities, Weirdness & Mutations

You cannot wear most types of armour.
You are amphibious.
You can wear up to eight rings at the same time.
Your skin changes colour to match your surroundings (Stealth+).
Your rubbery body absorbs attacks. (AC +1, EV +1)
((You are camouflaged when in or above water. (Stealth+)))
You have tentacles for arms and can constrict up to eight enemies at once.


Message History

You feel yourself slow down.
An ogre comes into view. It is wielding a +0 giant club.
Found a robe.
Found a scroll labelled DAIGOE HODO.
There is an escape hatch in the ceiling here.
A mysterious force pulls you upwards. The hatch slams shut behind you.
Found a scroll labelled PIUSUAFRAE and a chain mail.
You start resting.
HP restored.
A gnoll comes into view. It is wielding a +0 club.
A hound comes into view.
The gnoll shouts!
You hear a shout! x2
A gnoll comes into view.
It is wielding a +0 club. 2 orcs come into view.
A gnoll comes into view. It is wielding a +0 whip.
You see here a scroll labelled PIUSUAFRAE.
e - a scroll labelled PIUSUAFRAE
As you read the scroll labelled DUAKLE TOESUOS, it crumbles to dust.
It is a scroll of identify.
g - a potion of brilliance
As you read the scroll labelled PIUSUAFRAE, it crumbles to dust.
Your body is wracked with pain!
The gnoll convulses!
The orc convulses!
The gnoll convulses! x2; The orc convulses!
It was a scroll of torment.
You hit the gnoll but do no damage. You grab the gnoll.
You tentacle-slap the gnoll, but do no damage.
The gnoll is heavily wounded.
You constrict the gnoll. The gnoll hits you with a +0 club.
The orc closely misses you. The gnoll hits you with a +0 club.
* * * LOW HITPOINT WARNING * * *
It was a potion of cancellation.
You feel magically purged.
You constrict the gnoll. The gnoll barely misses you.
The orc barely misses you.
You hit the orc but do no damage. Your grab misses the orc.
The orc is moderately wounded.
You constrict the gnoll.
You kill the gnoll!
The gnoll hits you with a +0 whip.
* * * LOW HITPOINT WARNING * * *
The gnoll hits you with a +0 club!
You die...

.g .h.....
.......##########
................# #
###.......[......#..
...........gg.......
...........)@o......
....................
...............o....
....#....#####+#...
. #....# .. #....# .
#....# # #....# #
.#####


You could see 2 gnolls and 2 orcs.

Vanquished Creatures
  A hound (D:6)
  An iguana (D:6)
  An orc wizard (D:6)
  2 gnolls
  An adder (D:6)
  An orc (D:6)
  A kobold (D:6)
8 creatures vanquished.

Notes
Turn   | Place    | Note
-------+----------+-------------------------------------------
     0 | D:5      | croobank the Octopode Delver began the quest for the Orb.
     0 | D:5      | Reached XP level 1. HP: 16/16 MP: 1/1
    20 | D:6      | Noticed a hound
    28 | D:6      | Noticed an iguana
    36 | D:6      | Noticed an orc wizard
    37 | D:6      | Noticed an orc wizard
    66 | D:6      | Noticed a kobold brigand
    79 | D:6      | Reached XP level 2. HP: 20/21 MP: 2/2
   146 | D:6      | Noticed an ice beast
   257 | D:6      | Reached skill level 7 in Stealth
   257 | D:6      | Reached XP level 3. HP: 11/26 MP: 3/3
   459 | D:6      | Reached XP level 4. HP: 27/31 MP: 4/4
   525 | D:6      | Noticed an ogre
   740 | D:5      | Slain by a gnoll

Illustrated notes

Levels and vault maps discovered:
D:5:      layout_basic, nicolae_overflow_hidden_temple, old_standard_altar,
          nicolae_overflow_crystal_walls
D:6:      layout_basic, minmay_temple_entry_statues
D:7:      layout_loops_corners, kennysheep_mini, mainiacjoe_overflow_brackets,
          serial_shops, nicolae_shop_advertising_works
          [nicolae_subvault_shop_adworks], lightli_church_of_beogh

Skill      XL: |  1  2 |
---------------+-------+-----
Stealth        | 7 |  7.3
Fighting       | |  3.7
Axes           | |  2.9
Dodging        | |  2.9

Action                   |  1- 3 |  4- 6 || total
-------------------------+-------+-------++-------
Melee: Hand axe          |     8 |       ||     8
       Constrict         |     5 |     3 ||     8
       Tentacles         |     5 |     1 ||     6
       Quarterstaff      |     5 |     9 ||    14
       Punch             |       |     1 ||     1
Evoke: Wand              |     1 |       ||     1
  Use: Scroll            |     2 |     2 ||     4
       Potion            |       |     2 ||     2
Armor: Skin              |     1 |     1 ||     2
Dodge: Dodged            |    11 |    11 ||    22
